 Dungeon Crawl Stone Soup version 0.25-a0-108-gda8bd6cf83 (webtiles) character file.

Game seed: 4610270718802507592, levelgen mode: deterministic

56 D1HalberdGnoll the Sneak (level 3, 0/24 HPs)
             Began as a Vampire Assassin on Nov 18, 2019.
             Slain by an ice beast (10 damage)
             ... on level 2 of the Dungeon.
             The game lasted 00:02:15 (1361 turns).

D1HalberdGnoll the Sneak (Vampire Assassin)         Turns: 1361, Time: 00:02:16

Health: 0/24       AC:  4    Str: 16    XL:     3   Next: 71%
Magic:  3/3        EV: 12    Int: 13    God:
Gold:   65         SH:  0    Dex: 15    Spells: 2/2 levels left

rFire    . . .     SeeInvis +   a - +2 dagger
rCold    . . .     Gourm    .   (no shield)
rNeg     . . .     Faith    .   b - +0 robe
rPois    .         Spirit   .   (no helmet)
rElec    .         Reflect  .   c - +0 cloak
rCorr    .         Harm     .   (no gloves)
MR       .....                  m - +0 pair of boots
Stlth    +++.......             (no amulet)
HPRegen  0.28/turn              (no ring)
MPRegen  0.08/turn              (no ring)

@: mighty, lethally poisoned (0 -> 0), regenerating quickly
A: no food, fangs 3, see invisible, [frail 1], unbreathing
a: Exsanguinate


You were on level 2 of the Dungeon.
You were alive.

You visited 1 branch of the dungeon, and saw 2 of its levels.

You collected 65 gold pieces.

Inventory:

Hand Weapons
 a - a +2 dagger (weapon)
Missiles
 d - 24 poisoned darts (quivered)
 e - 2 curare-tipped darts
Armour
 b - a +0 robe (worn)
 c - a +0 cloak (worn)
 m - a +0 pair of boots (worn)
Scrolls
 g - a scroll of remove curse
 h - a scroll of enchant armour {unknown}
 i - a scroll of teleportation {unknown}
 k - 4 scrolls of identify
 l - 2 scrolls of noise {unknown}
Potions
 f - a potion of curing


   Skills:
 + Level 2.3 Fighting
 + Level 2.8 Short Blades
 - Level 1.5 Throwing
 + Level 2.0 Dodging
 * Level 6.8 Stealth


You had 2 spell levels left.
You didn't know any spells.
Your spell library was empty.

Dungeon Overview and Level Annotations

Branches:
Dungeon (2/15)

Altars:
Ashenzari


Innate Abilities, Weirdness & Mutations

You do not eat.
Your natural rate of healing is unusually fast.
You have razor-sharp teeth.
You have supernaturally acute eyesight. (SInv)
You can survive without breathing.
[You are frail. (-10% HP)]


Message History

The adder poisons you!
You hit the adder.
You kill the adder!
You feel sick.
You feel sick.
Okay, then.
As you read the scroll labeled WOL ZATENGYTH, it crumbles to dust.
It is a scroll of identify.
j - a potion of might The ice beast closely misses you.
Okay, then.
You feel very mighty all of a sudden. The ice beast closely misses you.
You closely miss the ice beast. The ice beast barely misses you.
You puncture the ice beast!
The ice beast is moderately wounded.
You feel sick. The ice beast hits you.
* * * LOW HITPOINT WARNING * * *
The ice beast freezes you!
You die...

#.##.# #.##.# #.##.#
##. #.##.# #.. #.##.#
#.# #.##.# #.# #.##.#
######.### #####.##.#
........># #..Y@....#
####...#.####.###.####
.....#..(..(..# #.#
.........?##### #.#
.##.#.##..# #.# ..
#.##..# #.# .#
#.....%. ..# ####.####
... #.#


You could see an ice beast.

Vanquished Creatures
  An adder (D:2)
  A worm (D:2)
  A dart slug (D:1)
  2 leopard geckos
  2 ball pythons (D:1)
  2 giant cockroaches
  3 goblins (D:1)
  8 hobgoblins
  8 bats
  A frilled lizard (D:1)
  6 kobolds
  4 rats
39 creatures vanquished.

Notes
Turn   | Place    | Note
-------+----------+-------------------------------------------
     0 | D:1      | D1HalberdGnoll the Vampire Assassin began the quest for the
                  | Orb.
     0 | D:1      | Reached XP level 1. HP: 16/16 MP: 1/1
    90 | D:1      | Reached skill level 6 in Stealth
   269 | D:1      | Reached XP level 2. HP: 22/22 MP: 2/2
   768 | D:1      | Found a shattered altar of Ashenzari.
   877 | D:1      | Reached XP level 3. HP: 24/24 MP: 3/3
  1340 | D:2      | Noticed an ice beast
  1361 | D:2      | Slain by an ice beast

Levels and vault maps discovered:
D:1:      dpeg_arrival_snail, layout_basic, ashenzari_altar_1
D:2:      layout_loops_ring, minmay_overflow_temple_star_quad, uniq_natasha

Skill      XL: |  1  2  3 |
---------------+----------+-----
Stealth        | 6 |  6.8
Fighting       | 2 |  2.3
Dodging        | 2 |  2.0
Short Blades   | |  2.8
Throwing       | |  1.5

Action                   || total
-------------------------++-------
Melee: Dagger            ||   134
       Bite              ||     9
Throw: Dart              ||     1
 Abil: Exsanguinate      ||     1
       Revivify          ||     1
  Use: Potion            ||     3
       Scroll            ||     2
 Stab: Sleeping          ||    11
Armor: Robe              ||    21
Dodge: Dodged            ||    72

Table legend:
 A = Non-vault XP
 B = Vault XP
 C = Vault XP percentage of total XP
 D = Non-vault monster count
 E = Vault monster count
 F = Vault count percentage of total count
                 A         B        C        D         E       F
            +---------+---------+-------+---------+---------+-------
      Total |      81 |       0 |   0.0 |      39 |       0 |   0.0
            +---------+---------+-------+---------+---------+-------
        D:1 |      44 |       0 |   0.0 |      26 |       0 |   0.0
        D:2 |      37 |       0 |   0.0 |      13 |       0 |   0.0
            +---------+---------+-------+---------+---------+-------
